 Dungeon Crawl Stone Soup version 0.32-a0-893-gf85d74f360 (webtiles) character file.

Game seed: 7414716023423026408

152 heskitgel the Magician (level 5, 0/22 (28) HPs)
             Began as a Deep Elf Hedge Wizard on Apr 3, 2024.
             Slain by a wight
             ... wielding a +2 flail of freezing
              (1 damage)
             ... on level 3 of the Dungeon.
             The game lasted 00:10:05 (3491 turns).

heskitgel the Magician (Deep Elf Hedge Wizard)      Turns: 3491, Time: 00:10:06

HP:   0/22 (28)     AC:  4    Str:  7    XL:     5   Next: 11%
MP:   11/14         EV: 11    Int: 21    God:
Gold: 96            SH:  0    Dex: 14    Spells: 5/14 levels left

rFire   . . .        a - +0 dagger
rCold   . . .        (no shield)
rNeg    . . .        b - +0 robe
rPois   .            c - +0 hat
rElec   .            (no cloak)
rCorr   .            (no gloves)
SInv    .            (no boots)
Will    .....        (no amulet)
Stlth   ++           (no ring)
HPRegen 0.23/turn    (no ring)
MPRegen 0.14/turn

%: no passive effects
@: on blink cooldown, heavily drained
A: iridescent scales 1
a: no special abilities


You were on level 3 of the Dungeon.
You visited 1 branch of the dungeon, and saw 4 of its levels.

You collected 96 gold pieces.

Inventory:

Hand Weapons
 a - a +0 dagger (weapon)
Missiles
 i - 4 curare-tipped darts
Armour
 b - a +0 robe (worn)
 c - a +0 hat (worn)
Jewellery
 d - a ring of positive energy
 m - a +6 ring of strength
Scrolls
 f - a scroll of vulnerability {unknown}
 j - a scroll of butterflies {unknown}
 k - a scroll of enchant armour {unknown}
 l - a scroll of fear {unknown}
Potions
 e - a potion of ambrosia {unknown}
 g - a potion of might {unknown}
 h - a potion of mutation
 n - a potion of invisibility {unknown}
 o - a potion of magic
 p - a potion of lignification {unknown}
 q - 2 potions of attraction {unknown}


   Skills:
 - Level 2.4 Dodging
 - Level 3.0 Stealth
 - Level 5.0 Spellcasting
 + Level 3.5 Conjurations
 - Level 1.0 Hexes
 + Level 2.2 Summonings
 + Level 1.6 Translocations
 + Level 1.1 Air Magic
 + Level 1.0 Alchemy


You had 5 spell levels left.
You knew the following spells:

 Your Spells              Type           Power      Damage    Failure   Level
a - Magic Dart            Conj           80%        1d7       2%          1
b - Call Imp              Summ           28%        N/A       6%          2
c - Mephitic Cloud        Conj/Alch/Air  13%        N/A       16%         3
d - Slow                  Hex            36%        N/A       7%          1
B - Blink                 Tloc           24%        N/A       9%          2

Your spell library contained the following spells:

 Spells                   Type           Power      Damage    Failure   Level
 Lesser Beckoning         Tloc           24%        N/A       9%          2
 Cigotuvi's Dreadful Rot  Necr/Alch/Air  16%        N/A       12%         2
 Maxwell's Portable Pile  Tloc           12%        2d(6-17)  17%         3
 Teleport Other           Tloc           12%        N/A       17%         3


Dungeon Overview and Level Annotations

Branches:
Dungeon (4/15)
 Temple: D:4-7

Altars:
Elyvilon


Innate Abilities, Weirdness & Mutations

You are partially covered in iridescent scales. (AC +2)


Message History

The wight hits you with a +2 flail of freezing.
You feel drained. The wight freezes you.
You climb upwards.
There is a stone staircase leading down, spattered with blood here.
You take 9 damage, and have 19/26 hp.
MASSIVE DAMAGE!!
Casting: Magic Dart (safe; 2% risk of failure)
Confirm with . or Enter, or press ? or * to list all spells.
You miscast Call Imp.
You are very lightly contaminated with residual magic.
Nothing appears to happen.
The wight hits you with a +2 flail of freezing!
* * * LOW HITPOINT WARNING * * *
You feel drained.
* * * LOW HITPOINT WARNING * * *
The wight freezes you.
* * * LOW HITPOINT WARNING * * *
You take 13 damage, and have 6/24 hp.
MASSIVE DAMAGE!!
You now have 12/14 mp.
Unknown command.
Unknown command.
Casting: Call Imp (safe; 6% risk of failure)
Confirm with . or Enter, or press ? or * to list all spells.
You blink.
You now have 10/14 mp.
You see here a ball python skeleton.
Casting: Blink (safe; 9% risk of failure)
Confirm with . or Enter, or press ? or * to list all spells.
Okay, then.
Okay, then.
Okay, then.
Your magical contamination has completely faded away.
The wight attacks as it pursues you!
The wight hits you with a +2 flail of freezing.
* * * LOW HITPOINT WARNING * * *
You feel drained.
* * * LOW HITPOINT WARNING * * *
The wight freezes you.
You die...

#.# #........................#.#
#.# #...###########.##.#######.#
#.# #.....................# #.#
#.# ##'#.#########..##.##.## #.#
#.# #.#....o.....÷....~~..♣♣♣..
#.# ###'##########.#....~bP..P...
..###......# ##.#.......♣♣.♣♣.
...........# ###..#....P.♣♣P.P♣♣
...........# ##.@.##...b♣.♣....P♣
...........###.z####....♣P..._...
....#..............'....♣.♣P....♣
....+..............#...(P.♣♣P.P♣♣
...#+........÷.....##'##.P.♣♣.♣♣.
......#####........##.##~~P..P..P
......'.##.........##...≈~.P♣♣♣..
......#.#..#.......##..#..#######
......#.>.###########..#........#


You could see a wight.

Vanquished Creatures
  An orc wizard (D:2)
  5 adders
  A dart slug (D:1)
  2 orcs (D:3)
  5 endoplasms
  5 giant cockroaches
  3 goblins
  2 hobgoblins (D:1)
  2 quokkas (D:1)
  6 ball pythons
  A bat (D:1)
  5 frilled lizards
  2 kobolds
  A rat (D:1)
41 creatures vanquished.

Vanquished Creatures (collateral kills)
  An orc priest (D:3)
  An adder (D:2)
  An endoplasm (D:2)
3 creatures vanquished.

Grand Total: 44 creatures vanquished

Notes
Turn   | Place    | Note
-------+----------+-------------------------------------------
     0 | D:1      | heskitgel the Deep Elf Hedge Wizard began the quest for the
                  | Orb.
     0 | D:1      | Reached XP level 1. HP: 10/10 MP: 7/7
   246 | D:1      | Reached XP level 2. HP: 15/15 MP: 1/9
   257 | D:1      | Learned a level 2 spell: Call Imp
   260 | D:1      | Learned a level 2 spell: Blink
   739 | D:1      | Reached skill level 5 in Spellcasting
  1160 | D:1      | Found a faded altar of an unknown god.
  1350 | D:2      | Reached XP level 3. HP: 19/19 MP: 5/11
  2001 | D:2      | Reached XP level 4. HP: 24/24 MP: 8/13
  2193 | D:2      | Learned a level 3 spell: Mephitic Cloud
  2302 | D:2      | Learned a level 1 spell: Slow
  2564 | D:2      | Gained mutation: You are partially covered in iridescent
                  | scales. (AC +2) [potion of mutation]
  2574 | D:2      | Reached skill level 1 in Hexes
  2726 | D:3      | Reached skill level 1 in Air Magic
  2726 | D:3      | Reached XP level 5. HP: 20/28 MP: 10/14
  2912 | D:3      | Identified the +4 ring mail of Alo Tew {rN+ Int+2}
  2936 | D:3      | Found a white marble altar of Elyvilon.
  3039 | D:3      | Reached skill level 1 in Alchemy
  3088 | D:3      | Became a worshipper of Elyvilon the Healer
  3429 | D:3      | Fell from the grace of Elyvilon
  3491 | D:3      | HP: 1/22 [wight/+2 flail of freezing (2)]
  3491 | D:3      | Slain by a wight

Illustrated notes

Levels and vault maps discovered:
D:1:      erik_arrival_blinker_ship, layout_loops_ring,
          shapermc_ecumenical_altar_petra
D:2:      layout_basic, minmay_tiny_reverse_x
D:3:      layout_basic, nicolae_elyvilon_peaceful_grove, grunt_decor_one_mirror
D:4:      layout_basic, nicolae_ossuary_entry_plus, uniq_ijyb,
          uniq_crazy_yiuf_cottage, uniq_pikel

Skill      XL: |  1  2  3  4  5 |
---------------+----------------+-----
Stealth        | 3 |  3.0
Spellcasting   | 5 |  5.0
Conjurations   | 2 3 |  3.5
Hexes          | 1 |  1.0
Summonings     | 2 |  2.2
Air Magic      | 1 |  1.1
Alchemy        | 1 |  1.0
Dodging        | |  2.4
Translocations | |  1.6

Action                     |  1- 3 |  4- 6 || total
---------------------------+-------+-------++-------
  Melee: Dagger            |     7 |     6 ||    13
   Cast: Magic Dart        |    73 |    43 ||   116
         Call Imp          |     2 |     5 ||     7
         Slow              |       |    14 ||    14
         Mephitic Cloud    |       |     1 ||     1
         Blink             |       |     1 ||     1
 Invoke: Renounce Religion |       |     1 ||     1
    Use: Potion            |       |     2 ||     2
   Stab: Sleeping          |     1 |       ||     1
 Armour: Robe              |     7 |    26 ||    33
  Dodge: Dodged            |    11 |    13 ||    24

Table legend: (Time is in decaauts)
 A = Elapsed time spent in this place.
 B = Non-inter-level travel time spent in this place.
 C = Inter-level travel time spent in this place.
 D = Time resting spent in this place.
 E = Time spent auto-exploring this place.
 F = Levels seen in this place.
 G = Mean time per level.
                   A        B        C        D        E       F      G
               +--------+--------+--------+--------+--------+-----+--------+
         Total |   3497 |   3259 |    238 |    520 |   2255 |   4 |  874.2 |
       Dungeon |   3497 |   3259 |    238 |    520 |   2255 |   4 |  874.2 |
               +--------+--------+--------+--------+--------+-----+--------+

Top non-repeatable levels by time:
     D:2: 1234 daAuts
     D:1: 1209 daAuts
     D:3: 1047 daAuts
     D:4: 6 daAuts
